 Dungeon Crawl Stone Soup version 0.18.1-50-g88ac8fd (webtiles) character file.

74 lorenzova the Charmwright (level 4, 0/33 HPs)
             Began as a Merfolk Skald on Oct 17, 2016.
             Slain by Ijyb (4 damage)
             ... on level 3 of the Dungeon.
             The game lasted 00:02:53 (1775 turns).

lorenzova the Charmwright (Merfolk Skald)           Turns: 1775, Time: 00:02:54

Health: 0/33       AC:  3    Str: 13    XL:     4   Next: 30%
Magic:  1/7        EV: 12    Int: 14    God:
Gold:   107        SH:  0    Dex: 13    Spells: 2 memorised, 4 levels left

rFire  . . .     SeeInvis .     m - +0 spear
rCold  . . .     Gourm    .     b - +0 leather armour
rNeg   . . .     Faith    .     (no shield)
rPois  .         Spirit   .     (no helmet)
rElec  .         Dismiss  .     (no cloak)
rCorr  .         Reflect  .     (no gloves)
SustAt .         Harm     .     (no boots)
MR     .....                    (no amulet)
Stlth  +.........               (no ring)
                                g - +3 ring of intelligence

@: not resistant to hostile enchantments, very unstealthy
A: change form in water, swift swim
a: no special abilities


You were on level 3 of the Dungeon.
You were not hungry.

You visited 1 branch of the dungeon, and saw 3 of its levels.

You collected 107 gold pieces.

Inventory:

Hand Weapons
 m - a +0 spear (weapon)
Armour
 b - a +0 leather armour (worn)
Jewellery
 g - a +3 ring of intelligence (left hand)
 o - an uncursed amulet of rage {unknown}
Scrolls
 e - a scroll of teleportation {unknown}
 k - a scroll of amnesia {unknown}
 l - a scroll of identify {unknown}
Potions
 a - a potion of degeneration {unknown}
 h - a potion of might {unknown}
 i - a potion of lignification {unknown}
 j - a potion of magic {unknown}
Books
 c - a book of Battle

   Spells                             Type                      Level
   a - Infusion                       Charms                       1
   b - Shroud of Golubria             Charms/Translocation         2
   c - Song of Slaying                Charms                       2
   d - Spectral Weapon                Hexes/Charms                 3
   e - Regeneration                   Charms/Necromancy            3
Comestibles
 d - 3 bread rations
 f - 4 fruits


   Skills:
 - Level 2.1 Fighting
 * Level 4.1 Polearms
 - Level 0.6 Armour
 * Level 2.9 Dodging
 + Level 2.4 Spellcasting
 + Level 4.1 Charms


You had 4 spell levels left.
You knew the following spells:

 Your Spells              Type           Power        Failure   Level  Hunger
a - Infusion              Chrm           ##..         8%          1    #......
b - Song of Slaying       Chrm           ##......     10%         2    ###....


Dungeon Overview and Level Annotations

Branches:
Dungeon (3/15)

Altars:

Annotations:
D:3 Ijyb


Message History

Ijyb is heavily wounded.
Ijyb misses you.
You hit Ijyb but do no damage.
Ijyb is heavily wounded.
Ijyb closely misses you.
You hit Ijyb.
Ijyb is heavily wounded.
Ijyb hits you.
* * * LOW HITPOINT WARNING * * *
Your magical contamination has completely faded away.
You hit Ijyb.
Ijyb is severely wounded.
Ijyb drinks a potion.
Ijyb is healed!
You closely miss Ijyb.
Ijyb is heavily wounded.
You hit Ijyb.
Ijyb is severely wounded.
Your song has ended.
Ijyb hits you.
You die...

... # ... # ...# # ##.
...## # ..... #...# #
#.... #.#(# # ...#..
####.#.# # #.....#####
#..)...## #
#..#..#.@.###.......# #
........#g.##.†#....#####
........#......#.......##
........##....##....##.##
........##....##........#
.........##..##....#.#...
.........##..##....#.##.#
#######...####.....#.##..
##..# ##.....#)###.


You could see Ijyb.

Vanquished Creatures
  3 adders (D:2)
  4 dart slugs
  An orc (D:3)
  6 bats
  4 goblins
  7 hobgoblins
  A quokka (D:2)
  A ball python (D:2)
  3 giant newts
  6 kobolds
  3 rats
39 creatures vanquished.

Notes
Turn   | Place    | Note
--------------------------------------------------------------
     0 | D:1      | lorenzova the Merfolk Skald began the quest for the Orb.
     0 | D:1      | Reached XP level 1. HP: 16/16 MP: 3/3
   121 | D:1      | Reached XP level 2. HP: 22/22 MP: 5/5
   125 | D:1      | Learned a level 2 spell: Song of Slaying
   766 | D:2      | Reached XP level 3. HP: 19/27 MP: 1/6
  1243 | D:2      | Reached XP level 4. HP: 24/33 MP: 5/7
  1739 | D:3      | Noticed Ijyb
  1775 | D:3      | Slain by Ijyb

Skill      XL: |  1  2  3  4 |
---------------+-------------+-----
Dodging        | 2 |  2.9
Polearms       | 4 |  4.1
Charms         | 4 |  4.1
Fighting       | |  2.1
Armour         | |  0.6
Spellcasting   | |  2.4

Action                   |  1- 3 |  4- 6 || total
-------------------------+-------+-------++-------
Melee: Spear             |   121 |    70 ||   191
 Cast: Infusion          |     3 |     2 ||     5
       Song of Slaying   |       |     1 ||     1
 Stab: Sleeping          |     2 |     1 ||     3
  Eat: Chunk             |     1 |     2 ||     3
Armor: Leather armour    |    25 |    12 ||    37
Dodge: Dodged            |    61 |    41 ||   102
